[ AOE2 MATCH · #477361485 ]
UnrankedHuns vs Ethiopians
[ REPLAY ANALYSIS · EXTRACTED FROM THE RECORDED GAME ]
Feudal
11:22
Castle
19:02
Imperial
34:29
| APM avg | 23.1 |
| APM peak | 57 |
| eAPM avg | 15.0 |
| Villagers / military | 139 / 305 |
Focus
⚔️ 28.4% · 🌾 71.6%
Skirmisher ×162 · Spearman ×79 · Cavalry Archer ×62 · Battering Ram ×2
Feudal
11:43
Castle
15:43
Imperial
37:20
| APM avg | 25.4 |
| APM peak | 67 |
| eAPM avg | 12.1 |
| Villagers / military | 94 / 154 |
Focus
⚔️ 25.1% · 🌾 74.9%
Archer ×140 · Spearman ×7 · Skirmisher ×6 · Bombard Cannon ×1
Feudal
11:16
Castle
15:25
Imperial
29:03
| APM avg | 22.2 |
| APM peak | 40 |
| eAPM avg | 14.0 |
| Villagers / military | 118 / 119 |
Focus
⚔️ 27.2% · 🌾 72.8%
Hand Cannoneer ×44 · Spearman ×40 · Trade Cart ×19 · Hussite Wagon ×17 · Bombard Cannon ×15 · Monk ×3
Feudal
—
Castle
—
Imperial
—
| APM avg | 8.8 |
| APM peak | 68 |
| eAPM avg | 4.8 |
| Villagers / military | 37 / 23 |
Focus
⚔️ 29.7% · 🌾 70.3%
Arambai ×23
Feudal
11:20
Castle
15:39
Imperial
31:28
| APM avg | 52.7 |
| APM peak | 122 |
| eAPM avg | 25.2 |
| Villagers / military | 185 / 158 |
Focus
⚔️ 41.1% · 🌾 58.9%
Skirmisher ×75 · Militia ×40 · Bombard Cannon ×24 · Fire Lancer ×12 · Scout Cavalry ×6 · Cavalry Archer ×1
Feudal
12:41
Castle
19:39
Imperial
34:14
| APM avg | 24.9 |
| APM peak | 74 |
| eAPM avg | 11.1 |
| Villagers / military | 69 / 109 |
Focus
⚔️ 35.5% · 🌾 64.5%
Huskarl ×33 · Militia ×27 · Spearman ×23 · Knight ×22 · Trebuchet (Packed) ×3 · Monk ×1
Feudal
11:01
Castle
15:46
Imperial
34:03
| APM avg | 10.7 |
| APM peak | 34 |
| eAPM avg | 7.7 |
| Villagers / military | 98 / 247 |
Focus
⚔️ 28.2% · 🌾 71.8%
Magyar Huszar ×169 · Cavalry Archer ×73 · Trebuchet (Packed) ×3 · Monk ×2
Feudal
9:53
Castle
18:10
Imperial
31:05
| APM avg | 14.1 |
| APM peak | 38 |
| eAPM avg | 10.4 |
| Villagers / military | 99 / 236 |
Focus
⚔️ 30.2% · 🌾 69.8%
Longbowman ×94 · Skirmisher ×91 · Spearman ×42 · Battering Ram ×8 · Trade Cart ×3 · Monk ×1
Match map
Initial resources + every placement click. Lines = walls · curves = elevation contours. ◆ gold · ⬟ stone · ● berries · ✦ relic · ◌ wall gap
Your base· ✓ Closed at 19:02 · 84t walls · 5 gate(s)
sÓ O BASICO's base· ✓ Closed at 15:43 · 6t walls · 3 gate(s)
river.qi's base· ✓ Closed at 15:25 · 0t walls · 2 gate(s)
Juminican's base· ✓ Closed at 23:54 · 0t walls · 2 gate(s)
Grimmothy Grams's base· ✓ Closed at 15:39 · 0t walls · 2 gate(s)
Nabican's base· ✓ Closed at 19:39 · 0t walls · 3 gate(s)
Zanarkand's base· ✓ Closed at 15:46 · 0t walls · 3 gate(s)
Stuksman's base· ✓ Closed at 18:10 · 0t walls · 2 gate(s)
Smoothed initial terrain · ◌ = detected wall gap · hover for details
Inputs per minute
— liss13 - - sÓ O BASICO
Build order — liss13
First 150 of 379 actions detected
| 0:02 | Research | Loom |
| 0:02 | Research | Loom |
| 0:17 | Create | Villager (Male) |
| 0:17 | Create | Villager (Male) |
| 0:18 | Create | Villager (Male) |
| 0:18 | Create | Villager (Male) |
| 1:06 | Build | Mill |
| 1:29 | Create | Villager (Male) |
| 1:29 | Create | Villager (Male) |
| 2:25 | Create | Villager (Male) |
| 2:47 | Create | Villager (Male) |
| 3:15 | Create | Villager (Male) |
| 3:33 | Create | Villager (Male) |
| 3:34 | Create | Villager (Male) |
| 3:54 | Create | Villager (Male) |
| 3:54 | Create | Villager (Male) |
| 3:54 | Create | Villager (Male) |
| 4:36 | Create | Villager (Male) |
| 4:37 | Create | Villager (Male) |
| 4:37 | Create | Villager (Male) |
| 4:56 | Create | Villager (Male) |
| 4:56 | Create | Villager (Male) |
| 5:45 | Create | Villager (Male) |
| 5:46 | Create | Villager (Male) |
| 5:46 | Create | Villager (Male) |
| 6:07 | Build | Lumber Camp |
| 6:31 | Create | Villager (Male) |
| 6:31 | Create | Villager (Male) |
| 6:49 | Create | Villager (Male) |
| 6:49 | Create | Villager (Male) |
| 8:17 | Build | Mining Camp |
| 8:23 | Create | Villager (Male) |
| 9:09 | Research | Feudal Age |
| 10:34 | Build | Mining Camp |
| 11:22 | Age | Feudal Age |
| 11:26 | Research | Wheelbarrow |
| 11:27 | Research | Horse Collar |
| 11:29 | Research | Double-Bit Axe |
| 11:55 | Build | Farm |
| 11:57 | Build | Farm |
| 11:58 | Build | Farm |
| 12:00 | Build | Farm |
| 12:04 | Build | Farm |
| 12:05 | Build | Farm |
| 12:06 | Build | Farm |
| 12:12 | Build | Farm |
| 12:13 | Build | Farm |
| 12:18 | Create | Villager (Male) |
| 12:19 | Create | Villager (Male) |
| 12:20 | Create | Villager (Male) |
| 12:20 | Create | Villager (Male) |
| 12:30 | Build | Farm |
| 13:04 | Build | Farm |
| 13:11 | Build | Farm |
| 13:20 | Build | Farm |
| 13:53 | Build | Blacksmith |
| 14:11 | Build | Farm |
| 14:16 | Create | Villager (Male) |
| 14:20 | Build | Farm |
| 14:36 | Create | Villager (Male) |
| 14:36 | Create | Villager (Male) |
| 15:13 | Build | Market |
| 15:26 | Create | Villager (Male) |
| 16:22 | Research | Castle Age |
| 16:22 | Research | Castle Age |
| 16:50 | Build | Stone Wall |
| 17:19 | Build | Stone Wall |
| 17:44 | Build | Stone Wall |
| 18:11 | Build | Stone Wall |
| 18:26 | Build | Gate |
| 18:39 | Build | Gate |
| 19:02 | Age | Castle Age |
| 19:06 | Build | Town Center |
| 19:08 | Research | Bow Saw |
| 19:10 | Research | Hand Cart |
| 19:12 | Research | Heavy Plow |
| 19:46 | Create | Villager (Male) |
| 19:46 | Create | Villager (Male) |
| 19:46 | Create | Villager (Male) |
| 19:46 | Create | Villager (Male) |
| 20:33 | Build | Town Center |
| 20:45 | Create | Villager (Male) |
| 20:46 | Create | Villager (Male) |
| 20:46 | Create | Villager (Male) |
| 20:46 | Create | Villager (Male) |
| 20:49 | Create | Villager (Male) |
| 21:07 | Build | Barracks |
| 21:09 | Create | Villager (Male) |
| 21:11 | Create | Villager (Male) |
| 21:43 | Build | Gate |
| 21:54 | Create | Villager (Male) |
| 21:55 | Create | Villager (Male) |
| 22:09 | Build | Archery Range |
| 22:11 | Create | Villager (Male) |
| 22:13 | Create | Villager (Male) |
| 22:13 | Create | Villager (Male) |
| 22:13 | Create | Villager (Male) |
| 22:20 | Build | Farm |
| 22:20 | Build | Farm |
| 22:22 | Build | Farm |
| 22:27 | Create | Villager (Male) |
| 22:28 | Create | Villager (Male) |
| 22:31 | Create | Villager (Male) |
| 22:31 | Create | Villager (Male) |
| 22:58 | Build | Gate |
| 23:13 | Build | Archery Range |
| 23:19 | Build | Archery Range |
| 23:21 | Research | Fletching |
| 23:22 | Research | Padded Archer Armor |
| 23:28 | Create | Villager (Male) |
| 23:30 | Create | Villager (Male) |
| 23:30 | Create | Villager (Male) |
| 23:32 | Create | Villager (Male) |
| 23:32 | Create | Villager (Male) |
| 23:58 | Build | Stone Wall |
| 24:06 | Research | Bodkin Arrow |
| 24:14 | Create | Villager (Male) |
| 24:30 | Create | Villager (Male) |
| 24:30 | Create | Villager (Male) |
| 24:32 | Create | Villager (Male) |
| 24:34 | Create | Villager (Male) |
| 24:35 | Create | Villager (Male) |
| 24:36 | Create | Villager (Male) |
| 24:38 | Create | Villager (Male) |
| 24:38 | Create | Villager (Male) |
| 24:41 | Build | Farm |
| 24:41 | Build | Farm |
| 24:48 | Build | Farm |
| 24:50 | Create | Villager (Male) |
| 24:51 | Create | Villager (Male) |
| 25:09 | Build | Stone Wall |
| 25:22 | Create | Villager (Male) |
| 25:23 | Create | Villager (Male) |
| 25:29 | Build | Farm |
| 25:30 | Build | Farm |
| 25:36 | Build | Farm |
| 25:39 | Build | Farm |
| 25:41 | Create | Villager (Male) |
| 25:46 | Create | Villager (Male) |
| 25:55 | Build | Town Center |
| 26:10 | Build | Town Center |
| 26:15 | Create | Villager (Male) |
| 26:17 | Create | Villager (Male) |
| 26:22 | Build | Farm |
| 26:27 | Create | Villager (Male) |
| 26:33 | Create | Villager (Male) |
| 26:34 | Create | Villager (Male) |
| 27:07 | Build | Stone Wall |
| 27:18 | Create | Cavalry Archer ×5 |
| 27:21 | Research | Leather Archer Armor |
Build order — sÓ O BASICO
First 150 of 342 actions detected
| 0:03 | Create | Villager (Male) |
| 0:03 | Create | Villager (Male) |
| 0:03 | Create | Villager (Male) |
| 0:04 | Build | House |
| 0:05 | Create | Villager (Male) |
| 0:06 | Build | House |
| 1:25 | Create | Villager (Male) |
| 1:25 | Create | Villager (Male) |
| 1:45 | Build | Lumber Camp |
| 1:50 | Create | Villager (Male) |
| 1:51 | Create | Villager (Male) |
| 2:29 | Create | Villager (Male) |
| 2:52 | Create | Villager (Male) |
| 2:52 | Create | Villager (Male) |
| 3:52 | Create | Villager (Male) |
| 4:17 | Create | Villager (Male) |
| 4:17 | Create | Villager (Male) |
| 4:18 | Create | Villager (Male) |
| 4:24 | Build | House |
| 4:52 | Create | Villager (Male) |
| 4:52 | Create | Villager (Male) |
| 5:27 | Create | Villager (Male) |
| 6:34 | Create | Villager (Male) |
| 6:34 | Create | Villager (Male) |
| 6:34 | Create | Villager (Male) |
| 6:34 | Create | Villager (Male) |
| 6:35 | Create | Villager (Male) |
| 6:35 | Create | Villager (Male) |
| 6:40 | Build | House |
| 7:57 | Build | Mill |
| 8:20 | Build | Mining Camp |
| 8:31 | Build | Mining Camp |
| 9:33 | Research | Feudal Age |
| 10:29 | Create | Villager (Male) |
| 10:29 | Create | Villager (Male) |
| 10:30 | Create | Villager (Male) |
| 11:43 | Age | Feudal Age |
| 11:48 | Build | Market |
| 11:52 | Build | Blacksmith |
| 11:57 | Build | Palisade Wall |
| 12:18 | Research | Double-Bit Axe |
| 12:56 | Build | Barracks |
| 13:03 | Research | Castle Age |
| 13:55 | Create | Villager (Male) |
| 13:55 | Create | Villager (Male) |
| 14:08 | Build | House |
| 14:13 | Build | House |
| 14:14 | Build | House |
| 14:49 | Create | Villager (Male) |
| 14:50 | Create | Villager (Male) |
| 15:19 | Build | Archery Range |
| 15:43 | Age | Castle Age |
| 15:51 | Build | Town Center |
| 16:13 | Build | Archery Range |
| 16:22 | Research | Crossbowman (upgrade) |
| 16:22 | Research | Crossbowman (upgrade) |
| 16:28 | Create | Archer |
| 16:46 | Build | Farm |
| 16:46 | Build | Farm |
| 16:50 | Create | Archer |
| 16:54 | Create | Archer |
| 17:09 | Create | Archer |
| 17:16 | Build | Farm |
| 17:27 | Create | Archer |
| 17:28 | Create | Archer |
| 17:42 | Build | Farm |
| 17:54 | Build | Farm |
| 17:54 | Build | Farm |
| 18:37 | Create | Villager (Male) |
| 18:37 | Create | Villager (Male) |
| 18:44 | Create | Archer |
| 18:44 | Create | Archer |
| 18:50 | Build | Farm |
| 18:51 | Build | Farm |
| 18:58 | Create | Villager (Male) |
| 19:02 | Create | Archer |
| 19:02 | Create | Archer |
| 19:17 | Build | House |
| 19:19 | Build | House |
| 19:22 | Build | House |
| 19:28 | Create | Villager (Male) |
| 19:40 | Create | Archer |
| 19:40 | Create | Archer |
| 19:52 | Create | Archer |
| 20:11 | Research | Fletching |
| 20:15 | Create | Villager (Male) |
| 20:16 | Create | Villager (Male) |
| 20:27 | Create | Villager (Male) |
| 20:29 | Build | Farm |
| 20:29 | Build | Farm |
| 20:29 | Build | Farm |
| 20:30 | Build | Farm |
| 20:30 | Build | Farm |
| 20:30 | Build | Farm |
| 20:30 | Build | Farm |
| 20:31 | Build | Farm |
| 20:31 | Build | Farm |
| 20:31 | Build | Farm |
| 20:32 | Build | Farm |
| 20:32 | Build | Farm |
| 20:32 | Build | Farm |
| 20:56 | Create | Villager (Male) |
| 20:57 | Create | Villager (Male) |
| 21:17 | Create | Villager (Male) |
| 21:23 | Create | Archer |
| 21:23 | Create | Archer |
| 21:25 | Create | Villager (Male) |
| 21:32 | Build | Farm |
| 21:33 | Build | Farm |
| 21:33 | Build | Farm |
| 21:43 | Build | Farm |
| 21:48 | Create | Villager (Male) |
| 22:02 | Create | Villager (Male) |
| 22:09 | Build | House |
| 22:10 | Build | House |
| 22:12 | Build | House |
| 22:16 | Build | House |
| 22:19 | Create | Villager (Male) |
| 22:19 | Create | Villager (Male) |
| 22:23 | Create | Archer |
| 22:23 | Create | Archer |
| 22:58 | Create | Villager (Male) |
| 22:59 | Create | Villager (Male) |
| 23:10 | Create | Villager (Male) |
| 23:11 | Create | Villager (Male) |
| 23:18 | Create | Spearman |
| 23:33 | Build | Barracks |
| 23:37 | Create | Spearman |
| 24:03 | Build | Castle |
| 24:05 | Create | Villager (Male) ×3 |
| 24:46 | Research | Elite Skirmisher (upgrade) |
| 24:47 | Create | Skirmisher |
| 24:47 | Create | Skirmisher |
| 24:47 | Create | Skirmisher |
| 24:48 | Create | Skirmisher |
| 25:06 | Create | Skirmisher |
| 25:07 | Create | Skirmisher |
| 25:12 | Create | Villager (Male) |
| 25:12 | Create | Villager (Male) |
| 25:21 | Build | Farm |
| 25:31 | Research | Padded Archer Armor |
| 25:35 | Create | Villager (Male) |
| 25:42 | Build | Farm |
| 25:43 | Build | Farm |
| 25:43 | Build | Farm |
| 25:43 | Build | Farm |
| 26:09 | Build | Farm |
| 26:16 | Build | Farm |
| 26:43 | Research | Wheelbarrow |
| 26:45 | Create | Villager (Male) |
Build order — river.qi
First 150 of 371 actions detected
| 0:01 | Create | Villager (Male) |
| 0:01 | Create | Villager (Male) |
| 0:03 | Build | House |
| 0:04 | Build | House |
| 0:40 | Create | Villager (Male) |
| 0:40 | Create | Villager (Male) |
| 1:37 | Create | Villager (Male) |
| 2:09 | Create | Villager (Male) |
| 2:27 | Create | Villager (Male) |
| 2:54 | Create | Villager (Male) |
| 3:19 | Create | Villager (Male) |
| 3:46 | Build | House |
| 3:50 | Build | Lumber Camp |
| 3:52 | Create | Villager (Male) |
| 4:24 | Create | Villager (Male) |
| 4:36 | Create | Villager (Male) |
| 4:54 | Create | Villager (Male) |
| 4:55 | Create | Villager (Male) |
| 5:13 | Create | Villager (Male) |
| 5:31 | Create | Villager (Male) |
| 5:49 | Build | House |
| 6:09 | Build | Mill |
| 6:32 | Create | Villager (Male) |
| 6:32 | Create | Villager (Male) |
| 7:30 | Build | Farm |
| 7:39 | Build | Farm |
| 7:53 | Build | House |
| 8:05 | Build | Farm |
| 8:06 | Create | Villager (Male) |
| 8:10 | Create | Villager (Male) |
| 8:39 | Build | Mining Camp |
| 8:47 | Build | Farm |
| 9:02 | Create | Villager (Male) |
| 9:06 | Research | Feudal Age |
| 9:07 | Create | Villager (Male) |
| 9:36 | Create | Villager (Male) |
| 9:49 | Build | Farm |
| 10:16 | Build | Farm |
| 11:16 | Age | Feudal Age |
| 11:21 | Build | Market |
| 11:52 | Build | Blacksmith |
| 12:34 | Build | Mining Camp |
| 12:45 | Research | Castle Age |
| 13:23 | Research | Double-Bit Axe |
| 14:06 | Create | Villager (Male) |
| 14:07 | Create | Villager (Male) |
| 15:04 | Build | House |
| 15:05 | Build | House |
| 15:06 | Build | House |
| 15:09 | Build | House |
| 15:10 | Build | House |
| 15:25 | Age | Castle Age |
| 15:38 | Build | Town Center |
| 15:56 | Build | Monastery |
| 16:04 | Research | Bow Saw |
| 16:09 | Create | Villager (Male) |
| 16:09 | Create | Villager (Male) |
| 16:10 | Create | Villager (Male) |
| 16:42 | Create | Monk |
| 16:44 | Create | Villager (Male) |
| 16:45 | Create | Villager (Male) |
| 16:58 | Create | Villager (Male) |
| 16:59 | Create | Villager (Male) |
| 17:18 | Create | Villager (Male) |
| 17:21 | Create | Villager (Male) |
| 17:32 | Build | Farm |
| 17:37 | Build | Farm |
| 17:42 | Build | Farm |
| 17:48 | Create | Monk |
| 17:58 | Create | Villager (Male) |
| 18:00 | Create | Villager (Male) |
| 18:04 | Build | Farm |
| 18:16 | Create | Villager (Male) |
| 18:19 | Create | Villager (Male) |
| 18:23 | Build | Farm |
| 18:43 | Create | Monk |
| 18:57 | Create | Villager (Male) |
| 19:25 | Build | Castle |
| 19:30 | Build | Farm |
| 19:31 | Create | Villager (Male) |
| 19:32 | Create | Villager (Male) |
| 19:33 | Create | Villager (Male) |
| 19:52 | Research | Fervor |
| 19:53 | Create | Villager (Male) |
| 19:54 | Create | Villager (Male) |
| 19:55 | Create | Villager (Male) |
| 19:58 | Build | Farm |
| 20:01 | Research | Horse Collar |
| 20:26 | Build | Lumber Camp |
| 20:30 | Create | Villager (Male) |
| 20:31 | Create | Villager (Male) |
| 21:07 | Create | Villager (Male) |
| 21:08 | Create | Villager (Male) |
| 21:11 | Create | Villager (Male) |
| 21:15 | Build | Farm |
| 21:22 | Create | Villager (Male) |
| 21:23 | Create | Villager (Male) |
| 21:44 | Build | Town Center |
| 21:56 | Build | Mining Camp |
| 22:08 | Create | Villager (Male) |
| 22:09 | Create | Villager (Male) |
| 22:18 | Create | Villager (Male) |
| 22:19 | Create | Villager (Male) |
| 22:31 | Build | Farm |
| 22:33 | Create | Villager (Male) |
| 22:36 | Create | Villager (Male) |
| 22:50 | Create | Villager (Male) |
| 22:52 | Create | Villager (Male) |
| 22:54 | Build | Farm |
| 23:01 | Build | Farm |
| 23:12 | Create | Villager (Male) |
| 23:13 | Create | Villager (Male) |
| 23:21 | Build | Farm |
| 23:27 | Build | Farm |
| 23:32 | Create | Villager (Male) |
| 23:44 | Build | Farm |
| 23:49 | Build | Farm |
| 23:54 | Create | Villager (Male) |
| 23:56 | Create | Villager (Male) |
| 23:56 | Create | Villager (Male) |
| 24:09 | Build | Farm |
| 24:12 | Build | Farm |
| 24:13 | Research | Heavy Plow |
| 24:38 | Build | Farm |
| 24:39 | Build | Farm |
| 24:40 | Build | Farm |
| 24:41 | Build | Farm |
| 24:42 | Build | Farm |
| 24:45 | Build | Farm |
| 24:46 | Build | Farm |
| 24:47 | Build | Farm |
| 24:54 | Research | Town Watch |
| 25:01 | Build | Farm |
| 25:04 | Build | Farm |
| 25:11 | Research | Loom |
| 25:28 | Build | University |
| 25:53 | Research | Imperial Age |
| 25:58 | Create | Villager (Male) |
| 25:59 | Create | Villager (Male) |
| 26:07 | Create | Villager (Male) |
| 26:11 | Create | Hussite Wagon |
| 26:17 | Build | Barracks |
| 26:25 | Build | Siege Workshop |
| 26:38 | Research | Chemistry |
| 26:41 | Create | Villager (Male) |
| 26:43 | Create | Villager (Male) |
| 26:46 | Create | Villager (Male) |
| 26:53 | Build | House |
| 26:54 | Build | House |
| 26:55 | Build | House |
Build order — Juminican
109 actions detected in the replay
| 0:02 | Create | Villager (Male) |
| 0:03 | Create | Villager (Male) |
| 0:03 | Create | Villager (Male) |
| 0:05 | Build | House |
| 0:07 | Build | House |
| 1:43 | Create | Villager (Male) |
| 1:43 | Create | Villager (Male) |
| 1:44 | Create | Villager (Male) |
| 1:48 | Create | Villager (Male) |
| 2:19 | Create | Villager (Male) |
| 2:38 | Create | Villager (Male) |
| 3:07 | Create | Villager (Male) |
| 3:33 | Build | Lumber Camp |
| 3:48 | Create | Villager (Male) |
| 4:01 | Create | Villager (Male) |
| 4:18 | Build | Mill |
| 4:42 | Build | House |
| 5:14 | Create | Villager (Male) |
| 5:14 | Create | Villager (Male) |
| 5:28 | Create | Villager (Male) |
| 5:29 | Create | Villager (Male) |
| 5:50 | Create | Villager (Male) |
| 6:03 | Create | Villager (Male) |
| 6:04 | Create | Villager (Male) |
| 6:16 | Build | House |
| 6:32 | Create | Villager (Male) |
| 6:32 | Create | Villager (Male) |
| 6:50 | Create | Villager (Male) |
| 6:50 | Create | Villager (Male) |
| 7:11 | Build | House |
| 8:01 | Create | Villager (Male) |
| 8:02 | Create | Villager (Male) |
| 8:18 | Create | Villager (Male) |
| 8:18 | Create | Villager (Male) |
| 8:39 | Create | Villager (Male) |
| 8:40 | Create | Villager (Male) |
| 9:04 | Build | Mining Camp |
| 9:26 | Build | Lumber Camp |
| 9:41 | Research | Loom |
| 9:42 | Research | Feudal Age |
| 22:15 | Build | Farm |
| 22:16 | Build | Farm |
| 22:16 | Build | Farm |
| 22:16 | Build | Farm |
| 22:17 | Build | Farm |
| 22:17 | Build | Farm |
| 22:17 | Build | Farm |
| 22:17 | Build | Farm |
| 22:18 | Build | Farm |
| 22:18 | Build | Farm |
| 22:18 | Build | Farm |
| 22:19 | Build | Farm |
| 22:19 | Build | Farm |
| 22:20 | Build | Farm |
| 22:38 | Build | Market |
| 22:46 | Build | Blacksmith |
| 22:53 | Research | Gold Mining |
| 22:55 | Research | Stone Mining |
| 22:56 | Research | Horse Collar |
| 23:02 | Create | Villager (Male) |
| 23:54 | Research | Castle Age |
| 24:44 | Build | Mining Camp |
| 27:05 | Build | Castle |
| 28:35 | Build | Town Center |
| 28:44 | Research | Scale Barding Armor |
| 28:46 | Research | Fletching |
| 29:54 | Research | Chain Barding Armor |
| 29:55 | Research | Forging |
| 30:06 | Build | University |
| 30:13 | Research | Manipur Cavalry |
| 33:56 | Research | Ballistics |
| 33:58 | Create | Arambai |
| 33:58 | Create | Arambai |
| 33:59 | Create | Arambai |
| 33:59 | Create | Arambai |
| 33:59 | Create | Arambai |
| 33:59 | Create | Arambai |
| 34:00 | Create | Arambai |
| 34:00 | Create | Arambai |
| 34:00 | Create | Arambai |
| 34:00 | Create | Arambai |
| 34:08 | Build | Mining Camp |
| 34:19 | Create | Villager (Male) |
| 34:19 | Create | Villager (Male) |
| 34:20 | Create | Villager (Male) |
| 34:20 | Create | Villager (Male) |
| 34:20 | Create | Villager (Male) |
| 34:20 | Create | Villager (Male) |
| 34:21 | Create | Villager (Male) |
| 36:46 | Research | Iron Casting |
| 37:11 | Create | Arambai |
| 37:11 | Create | Arambai |
| 37:12 | Create | Arambai |
| 37:12 | Create | Arambai |
| 37:12 | Create | Arambai |
| 37:12 | Create | Arambai |
| 37:13 | Create | Arambai |
| 37:13 | Create | Arambai |
| 40:10 | Create | Arambai |
| 40:10 | Create | Arambai |
| 40:10 | Create | Arambai |
| 40:11 | Create | Arambai |
| 40:11 | Create | Arambai |
| 40:27 | Research | Imperial Age |
| 47:14 | Research | Chemistry |
| 48:20 | Research | Wheelbarrow |
| 49:11 | Research | Plate Barding Armor |
| 49:12 | Research | Blast Furnace |
| 49:21 | Build | Barracks |
Build order — Grimmothy Grams
First 150 of 519 actions detected
| 0:01 | Create | Villager (Male) |
| 0:02 | Create | Villager (Male) |
| 0:02 | Create | Villager (Male) |
| 0:03 | Build | House |
| 0:07 | Build | House |
| 0:29 | Create | Villager (Male) |
| 0:29 | Create | Villager (Male) |
| 1:25 | Create | Villager (Male) |
| 1:49 | Build | Lumber Camp |
| 2:01 | Create | Villager (Male) |
| 2:01 | Create | Villager (Male) |
| 2:26 | Create | Villager (Male) |
| 2:45 | Create | Villager (Male) |
| 2:46 | Create | Villager (Male) |
| 3:13 | Create | Villager (Male) |
| 3:13 | Create | Villager (Male) |
| 3:45 | Create | Villager (Male) |
| 3:46 | Create | Villager (Male) |
| 3:57 | Create | Villager (Male) |
| 4:11 | Build | House |
| 4:12 | Build | House |
| 4:34 | Build | Lumber Camp |
| 5:02 | Create | Villager (Male) |
| 5:03 | Create | Villager (Male) |
| 5:03 | Create | Villager (Male) |
| 5:14 | Create | Villager (Male) |
| 5:18 | Create | Villager (Male) |
| 6:35 | Create | Villager (Male) |
| 6:35 | Create | Villager (Male) |
| 6:35 | Create | Villager (Male) |
| 6:42 | Build | Mill |
| 7:48 | Create | Villager (Male) |
| 7:48 | Create | Villager (Male) |
| 7:50 | Create | Villager (Male) |
| 7:50 | Create | Villager (Male) |
| 8:03 | Create | Villager (Male) |
| 8:06 | Create | Villager (Male) |
| 8:35 | Build | Mining Camp |
| 9:10 | Research | Feudal Age |
| 9:10 | Research | Feudal Age |
| 9:53 | Create | Villager (Male) |
| 10:12 | Build | Farm |
| 10:15 | Build | Farm |
| 10:27 | Build | House |
| 10:47 | Create | Villager (Male) |
| 11:20 | Age | Feudal Age |
| 11:25 | Build | Market |
| 11:31 | Build | Blacksmith |
| 11:49 | Build | Farm |
| 12:06 | Research | Loom |
| 12:14 | Build | Farm |
| 12:47 | Create | Villager (Male) |
| 12:59 | Research | Castle Age |
| 13:00 | Research | Castle Age |
| 13:30 | Build | Watch Tower |
| 13:32 | Build | Watch Tower |
| 13:43 | Build | Mining Camp |
| 13:45 | Create | Villager (Male) |
| 14:00 | Research | Fletching |
| 14:18 | Build | Watch Tower |
| 14:22 | Create | Villager (Male) |
| 14:35 | Build | Barracks |
| 14:40 | Create | Villager (Male) |
| 15:15 | Create | Villager (Male) |
| 15:23 | Build | House |
| 15:38 | Create | Villager (Male) |
| 15:39 | Age | Castle Age |
| 15:53 | Create | Villager (Male) |
| 16:03 | Create | Villager (Male) |
| 16:08 | Build | Farm |
| 16:16 | Build | Farm |
| 16:19 | Build | Town Center |
| 16:21 | Create | Villager (Male) |
| 16:26 | Research | Double-Bit Axe |
| 16:38 | Create | Villager (Male) |
| 17:01 | Create | Villager (Male) |
| 17:12 | Build | Farm |
| 17:47 | Create | Villager (Male) |
| 18:15 | Build | Watch Tower |
| 18:32 | Build | Archery Range |
| 18:33 | Create | Villager (Male) |
| 18:33 | Create | Villager (Male) |
| 18:34 | Create | Villager (Male) |
| 18:34 | Create | Villager (Male) |
| 18:35 | Create | Villager (Male) |
| 18:51 | Build | Archery Range |
| 18:59 | Create | Villager (Male) |
| 19:02 | Create | Villager (Male) |
| 19:13 | Create | Villager (Male) |
| 19:19 | Build | Farm |
| 19:22 | Build | Farm |
| 19:30 | Create | Villager (Male) |
| 19:37 | Build | House |
| 19:58 | Research | Elite Skirmisher (upgrade) |
| 20:07 | Build | Lumber Camp |
| 20:08 | Create | Villager (Male) |
| 20:09 | Create | Villager (Male) |
| 20:18 | Build | Farm |
| 20:29 | Create | Villager (Male) |
| 20:29 | Create | Villager (Male) |
| 20:33 | Build | Farm |
| 20:48 | Build | House |
| 20:51 | Build | Farm |
| 20:59 | Build | Farm |
| 21:02 | Build | Farm |
| 21:05 | Build | Farm |
| 21:09 | Build | Farm |
| 21:17 | Build | House |
| 21:22 | Create | Villager (Male) |
| 21:23 | Create | Villager (Male) |
| 21:23 | Create | Villager (Male) |
| 21:24 | Create | Villager (Male) |
| 21:48 | Research | Bodkin Arrow |
| 21:49 | Create | Villager (Male) |
| 21:56 | Build | House |
| 22:02 | Create | Villager (Male) |
| 22:08 | Build | Farm |
| 22:08 | Build | Farm |
| 22:09 | Build | Farm |
| 22:10 | Build | Farm |
| 22:10 | Build | Farm |
| 22:10 | Build | Farm |
| 22:14 | Create | Villager (Male) |
| 22:26 | Create | Skirmisher |
| 22:26 | Create | Skirmisher |
| 22:27 | Create | Skirmisher |
| 22:27 | Create | Skirmisher |
| 22:27 | Create | Skirmisher |
| 22:34 | Create | Skirmisher |
| 22:34 | Create | Skirmisher |
| 22:42 | Build | Farm |
| 22:47 | Build | Farm |
| 22:48 | Create | Villager (Male) |
| 22:48 | Create | Villager (Male) |
| 22:53 | Create | Villager (Male) |
| 22:53 | Create | Villager (Male) |
| 23:00 | Build | Farm |
| 23:01 | Create | Villager (Male) |
| 23:14 | Create | Skirmisher |
| 23:14 | Create | Skirmisher |
| 23:15 | Create | Skirmisher |
| 23:19 | Build | House |
| 23:20 | Build | House |
| 23:59 | Build | Watch Tower |
| 24:06 | Create | Skirmisher |
| 24:06 | Create | Skirmisher |
| 24:06 | Create | Skirmisher |
| 24:10 | Create | Villager (Male) |
| 24:10 | Create | Villager (Male) |
| 24:11 | Create | Villager (Male) |
Build order — Nabican
First 150 of 279 actions detected
| 0:04 | Build | House |
| 0:08 | Build | House |
| 0:12 | Create | Villager (Male) |
| 0:13 | Create | Villager (Male) ×4 |
| 0:13 | Create | Villager (Male) ×3 |
| 1:45 | Create | Villager (Male) |
| 2:15 | Create | Villager (Male) |
| 2:41 | Create | Villager (Male) |
| 2:58 | Create | Villager (Male) |
| 3:18 | Create | Villager (Male) |
| 3:18 | Create | Villager (Male) |
| 4:25 | Create | Villager (Male) |
| 4:25 | Create | Villager (Male) |
| 4:25 | Create | Villager (Male) |
| 4:26 | Create | Villager (Male) |
| 5:21 | Build | House |
| 5:31 | Create | Villager (Male) |
| 5:32 | Create | Villager (Male) |
| 6:22 | Build | Mill |
| 7:00 | Create | Villager (Male) |
| 7:00 | Create | Villager (Male) |
| 7:00 | Create | Villager (Male) |
| 7:00 | Create | Villager (Male) |
| 7:16 | Create | Villager (Male) |
| 7:58 | Create | Villager (Male) |
| 8:02 | Build | House |
| 8:26 | Build | House |
| 8:41 | Create | Villager (Male) |
| 9:26 | Build | Barracks |
| 9:59 | Research | Loom |
| 10:21 | Research | Feudal Age |
| 11:12 | Build | Lumber Camp |
| 12:21 | Build | Mining Camp |
| 12:41 | Age | Feudal Age |
| 12:44 | Create | Villager (Male) |
| 12:45 | Create | Villager (Male) |
| 12:45 | Create | Villager (Male) |
| 12:45 | Create | Villager (Male) |
| 12:51 | Research | Double-Bit Axe |
| 13:56 | Build | Mill |
| 14:07 | Build | Farm |
| 14:08 | Build | Farm |
| 14:11 | Build | Farm |
| 14:13 | Build | Farm |
| 14:15 | Build | Farm |
| 14:31 | Build | Farm |
| 14:54 | Research | Horse Collar |
| 15:05 | Create | Villager (Male) |
| 15:10 | Create | Villager (Male) |
| 15:31 | Build | Market |
| 16:01 | Build | Farm |
| 16:30 | Build | Blacksmith |
| 16:59 | Research | Castle Age |
| 17:08 | Build | Mining Camp |
| 17:37 | Create | Militia |
| 17:37 | Create | Spearman |
| 17:38 | Create | Militia |
| 17:50 | Build | House |
| 18:17 | Build | House |
| 18:26 | Build | Farm |
| 18:28 | Build | Farm |
| 18:29 | Build | Farm |
| 18:44 | Create | Spearman |
| 18:45 | Create | Militia |
| 19:11 | Research | Forging |
| 19:16 | Research | Man-at-Arms (upgrade) |
| 19:26 | Research | Gold Mining |
| 19:37 | Research | Scale Mail Armor |
| 19:39 | Age | Castle Age |
| 19:44 | Create | Villager (Male) |
| 19:45 | Create | Villager (Male) |
| 19:46 | Create | Villager (Male) |
| 20:00 | Research | Heavy Plow |
| 20:24 | Research | Stone Mining |
| 20:47 | Build | Farm |
| 21:08 | Build | Farm |
| 21:12 | Research | Town Watch |
| 21:31 | Build | House |
| 21:37 | Create | Villager (Male) |
| 21:38 | Create | Villager (Male) |
| 21:40 | Create | Villager (Male) |
| 22:05 | Build | Town Center |
| 22:15 | Build | House |
| 22:20 | Build | Farm |
| 22:29 | Research | Long Swordsman (upgrade) |
| 22:30 | Research | Pikeman (upgrade) |
| 22:49 | Create | Villager (Male) |
| 23:00 | Build | Farm |
| 23:06 | Create | Villager (Male) |
| 23:27 | Build | Farm |
| 23:34 | Research | Squires |
| 24:06 | Create | Spearman |
| 24:07 | Create | Militia |
| 24:11 | Create | Villager (Male) |
| 24:12 | Create | Villager (Male) |
| 24:24 | Research | Bow Saw |
| 24:54 | Create | Villager (Male) |
| 25:00 | Research | Stone Shaft Mining |
| 25:09 | Build | Barracks |
| 25:16 | Create | Villager (Male) |
| 25:20 | Create | Villager (Male) |
| 26:11 | Build | Castle |
| 26:23 | Create | Militia |
| 26:24 | Create | Spearman |
| 26:29 | Create | Militia |
| 26:30 | Create | Spearman |
| 26:37 | Research | Wheelbarrow |
| 27:39 | Create | Villager (Male) |
| 27:40 | Create | Villager (Male) |
| 27:42 | Create | Villager (Male) |
| 27:42 | Create | Villager (Male) |
| 27:46 | Create | Villager (Male) |
| 27:49 | Create | Villager (Male) |
| 28:03 | Build | House |
| 28:04 | Build | House |
| 28:37 | Build | Farm |
| 28:52 | Build | Mining Camp |
| 29:25 | Build | Monastery |
| 29:27 | Create | Villager (Male) |
| 29:29 | Research | Town Patrol |
| 29:31 | Create | Villager (Male) |
| 29:38 | Build | University |
| 29:41 | Create | Spearman |
| 29:41 | Create | Militia |
| 29:43 | Create | Militia |
| 29:47 | Create | Spearman |
| 30:31 | Build | Farm |
| 30:32 | Build | Farm |
| 30:34 | Build | Farm |
| 31:04 | Research | Imperial Age |
| 31:15 | Build | Lumber Camp |
| 31:26 | Create | Villager (Male) |
| 31:26 | Create | Villager (Male) |
| 31:28 | Create | Villager (Male) |
| 31:38 | Create | Huskarl |
| 31:58 | Create | Huskarl |
| 32:00 | Create | Huskarl |
| 32:03 | Create | Militia |
| 32:06 | Create | Spearman |
| 32:11 | Build | Farm |
| 32:14 | Create | Villager (Male) |
| 32:21 | Build | Farm |
| 32:38 | Create | Huskarl |
| 33:06 | Create | Spearman |
| 33:07 | Create | Militia |
| 33:09 | Create | Militia |
| 33:10 | Create | Spearman |
| 33:15 | Build | Farm |
| 33:17 | Build | Farm |
| 33:19 | Create | Monk |
Build order — Zanarkand
First 150 of 262 actions detected
| 0:03 | Build | House |
| 0:04 | Build | House |
| 0:05 | Create | Villager (Male) ×4 |
| 1:39 | Create | Villager (Male) |
| 2:24 | Create | Villager (Male) |
| 2:25 | Create | Villager (Male) |
| 3:19 | Create | Villager (Male) |
| 3:19 | Create | Villager (Male) |
| 3:34 | Build | House |
| 3:36 | Build | House |
| 3:38 | Build | Lumber Camp |
| 3:43 | Research | Loom |
| 4:16 | Create | Villager (Male) |
| 4:30 | Create | Villager (Male) |
| 4:45 | Create | Villager (Male) |
| 4:46 | Create | Villager (Male) |
| 4:46 | Create | Villager (Male) |
| 5:38 | Build | Mill |
| 5:43 | Create | Villager (Male) |
| 5:43 | Create | Villager (Male) |
| 6:03 | Create | Villager (Male) |
| 6:03 | Create | Villager (Male) |
| 7:24 | Build | House |
| 7:33 | Create | Villager (Male) |
| 7:33 | Create | Villager (Male) |
| 7:42 | Build | Mining Camp |
| 8:51 | Research | Feudal Age |
| 10:06 | Create | Villager (Male) ×5 |
| 10:26 | Build | House |
| 11:01 | Age | Feudal Age |
| 11:04 | Build | Market |
| 11:06 | Build | Blacksmith |
| 12:23 | Build | House |
| 12:26 | Build | House |
| 12:52 | Build | Mining Camp |
| 13:01 | Research | Castle Age |
| 13:39 | Build | Mill |
| 13:53 | Research | Double-Bit Axe |
| 13:56 | Research | Horse Collar |
| 15:46 | Age | Castle Age |
| 15:54 | Build | Monastery |
| 16:02 | Build | Town Center |
| 16:07 | Create | Villager (Male) |
| 16:07 | Create | Villager (Male) |
| 16:07 | Create | Villager (Male) |
| 16:36 | Build | Farm |
| 16:41 | Create | Monk |
| 16:45 | Create | Monk |
| 16:59 | Build | Farm |
| 17:25 | Create | Villager (Male) |
| 17:27 | Build | Farm |
| 17:29 | Create | Villager (Male) |
| 17:30 | Create | Villager (Male) |
| 17:54 | Build | Farm |
| 17:59 | Create | Villager (Male) |
| 18:09 | Create | Villager (Male) |
| 18:14 | Research | Fervor |
| 18:45 | Build | Farm |
| 18:48 | Build | Farm |
| 18:52 | Create | Villager (Male) |
| 18:52 | Create | Villager (Male) |
| 19:14 | Build | Farm |
| 19:36 | Build | Farm |
| 19:40 | Create | Villager (Male) |
| 19:41 | Create | Villager (Male) |
| 19:41 | Create | Villager (Male) |
| 19:41 | Create | Villager (Male) |
| 19:46 | Create | Villager (Male) |
| 19:49 | Create | Villager (Male) |
| 19:56 | Build | Castle |
| 20:09 | Build | House |
| 20:10 | Build | House |
| 20:13 | Build | Farm |
| 20:21 | Create | Villager (Male) |
| 20:22 | Create | Villager (Male) |
| 20:40 | Build | Farm |
| 20:59 | Build | Farm |
| 21:05 | Research | Stone Mining |
| 21:16 | Create | Villager (Male) |
| 21:16 | Create | Villager (Male) |
| 21:16 | Create | Villager (Male) |
| 21:16 | Create | Villager (Male) |
| 21:19 | Create | Villager (Male) |
| 21:26 | Build | Farm |
| 21:33 | Create | Villager (Male) |
| 21:33 | Create | Villager (Male) |
| 21:34 | Create | Villager (Male) |
| 21:34 | Create | Villager (Male) |
| 21:41 | Create | Villager (Male) |
| 21:50 | Build | Mill |
| 21:54 | Build | Farm |
| 22:14 | Build | Farm |
| 22:18 | Build | House |
| 22:19 | Build | House |
| 22:41 | Build | Farm |
| 23:07 | Build | Town Center |
| 23:12 | Build | Farm |
| 23:21 | Create | Villager (Male) ×5 |
| 23:39 | Build | Farm |
| 23:47 | Build | Farm |
| 23:52 | Create | Villager (Male) |
| 23:53 | Create | Villager (Male) |
| 23:54 | Create | Villager (Male) |
| 23:54 | Create | Villager (Male) |
| 23:54 | Create | Villager (Male) |
| 23:56 | Build | Farm |
| 24:24 | Build | Farm |
| 24:40 | Research | Bow Saw |
| 24:46 | Build | Barracks |
| 24:52 | Build | Farm |
| 24:58 | Create | Villager (Male) ×5 |
| 25:11 | Build | Farm |
| 25:36 | Build | Farm |
| 25:39 | Create | Villager (Male) ×5 |
| 25:50 | Research | Gold Mining |
| 26:02 | Build | Archery Range |
| 26:02 | Build | Archery Range |
| 26:11 | Build | Farm |
| 26:18 | Build | Farm |
| 26:30 | Create | Villager (Male) ×5 |
| 26:35 | Build | Farm |
| 26:42 | Research | Gold Shaft Mining |
| 26:45 | Research | Town Watch |
| 26:51 | Build | House |
| 26:52 | Build | House |
| 27:05 | Build | Farm |
| 27:08 | Build | Farm |
| 27:13 | Create | Villager (Male) ×5 |
| 27:19 | Research | Heavy Plow |
| 27:25 | Build | Farm |
| 27:31 | Build | Farm |
| 27:34 | Research | Wheelbarrow |
| 27:55 | Build | Farm |
| 27:58 | Build | Farm |
| 28:04 | Build | Farm |
| 28:10 | Create | Villager (Male) ×5 |
| 28:14 | Build | Farm |
| 28:22 | Build | Farm |
| 28:38 | Build | University |
| 28:39 | Build | House |
| 28:40 | Build | House |
| 28:45 | Build | Farm |
| 28:48 | Build | Farm |
| 28:52 | Build | Farm |
| 28:55 | Create | Villager (Male) ×5 |
| 29:00 | Create | Villager (Male) ×5 |
| 29:05 | Build | Farm |
| 29:11 | Build | Farm |
| 29:28 | Build | Castle |
| 29:34 | Build | Farm |
Build order — Stuksman
First 150 of 246 actions detected
| 0:04 | Build | House |
| 0:07 | Create | Villager (Male) |
| 0:08 | Create | Villager (Male) |
| 0:33 | Create | Villager (Male) |
| 0:33 | Create | Villager (Male) |
| 0:36 | Build | House |
| 1:52 | Create | Villager (Male) |
| 1:52 | Create | Villager (Male) |
| 2:18 | Create | Villager (Male) |
| 2:22 | Build | House |
| 3:09 | Create | Villager (Male) |
| 3:10 | Create | Villager (Male) |
| 4:35 | Create | Villager (Male) |
| 4:35 | Create | Villager (Male) |
| 5:38 | Create | Villager (Male) |
| 5:38 | Create | Villager (Male) |
| 5:47 | Build | Lumber Camp |
| 6:17 | Build | Mill |
| 6:24 | Create | Villager (Male) |
| 6:24 | Create | Villager (Male) |
| 7:02 | Create | Villager (Male) |
| 7:28 | Create | Villager (Male) |
| 7:28 | Create | Villager (Male) |
| 7:38 | Research | Feudal Age |
| 9:23 | Build | House |
| 9:25 | Build | House |
| 9:27 | Build | House |
| 9:29 | Build | House |
| 9:30 | Build | House |
| 9:53 | Age | Feudal Age |
| 10:01 | Create | Villager (Male) |
| 10:01 | Create | Villager (Male) |
| 10:02 | Create | Villager (Male) |
| 10:09 | Research | Double-Bit Axe |
| 10:29 | Build | Farm |
| 10:30 | Build | Farm |
| 10:30 | Build | Farm |
| 10:31 | Build | Farm |
| 10:40 | Build | Farm |
| 11:21 | Create | Villager (Male) |
| 11:21 | Create | Villager (Male) |
| 11:34 | Build | Farm |
| 11:38 | Research | Horse Collar |
| 11:46 | Build | Mining Camp |
| 12:13 | Create | Villager (Male) |
| 12:13 | Create | Villager (Male) |
| 12:20 | Build | Mining Camp |
| 13:09 | Build | Market |
| 13:14 | Create | Villager (Male) |
| 13:30 | Build | Farm |
| 13:32 | Create | Villager (Male) |
| 13:32 | Create | Villager (Male) |
| 14:26 | Build | Blacksmith |
| 14:35 | Create | Villager (Male) |
| 15:05 | Create | Villager (Male) |
| 15:19 | Research | Castle Age |
| 15:36 | Build | House |
| 15:37 | Build | House |
| 15:38 | Build | House |
| 16:01 | Build | Farm |
| 16:02 | Build | Farm |
| 16:03 | Build | Farm |
| 16:05 | Build | Farm |
| 16:14 | Research | Stone Mining |
| 17:22 | Build | Farm |
| 17:31 | Create | Villager (Male) |
| 17:31 | Create | Villager (Male) |
| 17:31 | Create | Villager (Male) |
| 17:31 | Create | Villager (Male) |
| 17:45 | Build | Barracks |
| 18:10 | Age | Castle Age |
| 18:20 | Create | Villager (Male) |
| 18:26 | Build | Town Center |
| 18:34 | Research | Bow Saw |
| 18:43 | Build | Lumber Camp |
| 19:00 | Build | University |
| 19:27 | Build | Monastery |
| 19:39 | Research | Heavy Plow |
| 19:48 | Create | Villager (Male) |
| 19:48 | Create | Villager (Male) |
| 20:13 | Research | Fortified Wall (upgrade) |
| 20:24 | Create | Villager (Male) ×5 |
| 20:29 | Build | Farm |
| 20:30 | Build | Farm |
| 20:30 | Build | Farm |
| 20:31 | Build | Farm |
| 20:48 | Create | Monk |
| 21:16 | Create | Villager (Male) ×5 |
| 21:40 | Build | Barracks |
| 21:46 | Research | Pikeman (upgrade) |
| 21:49 | Research | Treadmill Crane |
| 21:59 | Build | Farm |
| 21:59 | Build | Farm |
| 22:00 | Build | Farm |
| 22:04 | Create | Villager (Male) |
| 22:04 | Create | Villager (Male) |
| 22:08 | Create | Villager (Male) |
| 22:35 | Build | Barracks |
| 22:50 | Create | Spearman ×5 |
| 23:05 | Create | Villager (Male) |
| 23:05 | Create | Villager (Male) |
| 23:05 | Create | Villager (Male) |
| 23:18 | Create | Spearman |
| 23:28 | Build | Farm |
| 23:30 | Build | Farm |
| 23:40 | Build | Farm |
| 23:45 | Create | Villager (Male) |
| 23:45 | Create | Villager (Male) |
| 23:46 | Create | Villager (Male) |
| 23:54 | Build | Farm |
| 24:02 | Create | Villager (Male) |
| 24:29 | Research | Wheelbarrow |
| 24:32 | Create | Villager (Male) |
| 24:33 | Create | Villager (Male) |
| 24:37 | Build | House |
| 24:38 | Build | House |
| 24:39 | Build | House |
| 24:48 | Build | House |
| 24:50 | Build | House |
| 24:52 | Build | House |
| 25:28 | Build | Castle |
| 25:35 | Build | Mining Camp |
| 26:06 | Create | Villager (Male) |
| 26:06 | Create | Villager (Male) |
| 26:06 | Create | Villager (Male) |
| 26:13 | Create | Villager (Male) ×5 |
| 26:22 | Build | Mill |
| 26:23 | Build | Farm |
| 26:23 | Build | Farm |
| 26:24 | Build | Farm |
| 26:24 | Build | Farm |
| 26:24 | Build | Farm |
| 26:24 | Build | Farm |
| 26:25 | Build | Farm |
| 27:17 | Create | Longbowman ×5 |
| 27:30 | Create | Villager (Male) |
| 27:52 | Create | Villager (Male) |
| 27:55 | Research | Imperial Age |
| 28:13 | Build | Barracks |
| 28:14 | Build | Barracks |
| 28:57 | Build | Siege Workshop |
| 28:59 | Build | Siege Workshop |
| 29:07 | Research | Scale Mail Armor |
| 29:07 | Research | Padded Archer Armor |
| 29:11 | Create | Longbowman |
| 29:18 | Create | Villager (Male) ×5 |
| 29:27 | Build | Lumber Camp |
| 30:02 | Build | Mining Camp |
| 30:29 | Create | Longbowman ×5 |
| 30:53 | Build | Castle |
Match timeline
| 9:26 | Nabican · first_building Barracks |
| 9:53 | Stuksman · age_up feudal |
| 11:01 | Zanarkand · age_up feudal |
| 11:16 | river.qi · age_up feudal |
| 11:20 | Grimmothy Grams · age_up feudal |
| 11:22 | liss13 · age_up feudal |
| 11:43 | sÓ O BASICO · age_up feudal |
| 11:57 | sÓ O BASICO · wall_segment Palisade Wall x6 |
| 12:41 | Nabican · age_up feudal |
| 12:56 | sÓ O BASICO · first_building Barracks |
| 13:02 | sÓ O BASICO · first_market_buy 100 food |
| 14:07 | Grimmothy Grams · first_market_sell 100 wood |
| 14:09 | Grimmothy Grams · first_market_buy 100 stone |
| 14:35 | Grimmothy Grams · first_building Barracks |
| 15:19 | sÓ O BASICO · first_building Archery Range |
| 15:25 | river.qi · age_up castle |
| 15:39 | Grimmothy Grams · age_up castle |
| 15:43 | sÓ O BASICO · age_up castle |
| 15:46 | Zanarkand · age_up castle |
| 15:54 | Zanarkand · first_building Monastery |
| 15:56 | river.qi · first_building Monastery |
| 16:24 | Nabican · first_market_buy 100 wood |
| 16:50 | liss13 · wall_segment Stone Wall x20 |
| 17:19 | liss13 · wall_segment Stone Wall x13 |
| 17:44 | liss13 · wall_segment Stone Wall x18 |
| 17:45 | Stuksman · first_building Barracks |
| 18:10 | Stuksman · age_up castle |
| 18:11 | liss13 · wall_segment Stone Wall x33 |
| 18:32 | Grimmothy Grams · first_building Archery Range |
| 19:02 | liss13 · age_up castle |
| 19:25 | river.qi · first_building Castle |
| 19:27 | Stuksman · first_building Monastery |
| 19:39 | Nabican · age_up castle |
| 19:43 | Zanarkand · first_market_buy 100 food |
| 19:56 | Zanarkand · first_building Castle |
| 21:07 | liss13 · first_building Barracks |
| 22:09 | liss13 · first_building Archery Range |
| 23:46 | Juminican · first_market_buy 500 food |
| 23:50 | Juminican · first_market_sell 500 wood |
| 23:58 | liss13 · wall_segment Stone Wall x16 |
| 24:03 | sÓ O BASICO · first_building Castle |
| 24:46 | Zanarkand · first_building Barracks |
| 25:09 | liss13 · wall_segment Stone Wall x17 |
| 25:11 | Stuksman · first_market_buy 100 stone |
| 25:28 | Stuksman · first_building Castle |
| 25:39 | river.qi · first_market_buy 100 food |
| 25:43 | river.qi · first_market_sell 100 stone |
| 26:02 | Zanarkand · first_building Archery Range |
| 26:11 | Nabican · first_building Castle |
| 26:17 | river.qi · first_building Barracks |
| 26:25 | river.qi · first_building Siege Workshop |
| 27:05 | Juminican · first_building Castle |
| 27:06 | Grimmothy Grams · first_building Monastery |
| 27:07 | liss13 · wall_segment Stone Wall x13 |
| 27:23 | river.qi · first_building Archery Range |
| 27:41 | Stuksman · first_market_sell 100 wood |
| 28:08 | Grimmothy Grams · first_building Siege Workshop |
| 28:47 | liss13 · wall_segment Stone Wall x50 |
| 28:57 | Stuksman · first_building Siege Workshop |
| 29:03 | river.qi · age_up imperial |
| 29:12 | liss13 · first_building Monastery |
| 29:25 | Nabican · first_building Monastery |
| 29:59 | liss13 · wall_segment Stone Wall x3 |
| 30:02 | liss13 · wall_segment Stone Wall x10 |
| 30:08 | Zanarkand · first_building Stable |
| 30:18 | liss13 · wall_segment Stone Wall x19 |
| 30:30 | liss13 · wall_segment Stone Wall x19 |
| 30:39 | Grimmothy Grams · first_building Stable |
| 31:05 | Stuksman · age_up imperial |
| 31:28 | Grimmothy Grams · age_up imperial |
| 32:30 | Grimmothy Grams · first_building Castle |
| 33:15 | liss13 · wall_segment Stone Wall x12 |
| 33:21 | liss13 · wall_segment Stone Wall x7 |
| 33:22 | Stuksman · first_building Archery Range |
| 33:40 | liss13 · wall_segment Stone Wall x14 |
| 34:03 | Zanarkand · age_up imperial |
| 34:14 | Nabican · age_up imperial |
| 34:29 | liss13 · age_up imperial |
| 35:24 | liss13 · first_building Siege Workshop |
| 36:57 | liss13 · wall_segment Stone Wall x9 |
| 37:20 | sÓ O BASICO · age_up imperial |
| 42:28 | sÓ O BASICO · first_building Siege Workshop |
| 45:20 | Nabican · first_building Stable |
| 47:14 | sÓ O BASICO · resign |
| 47:57 | Nabican · first_market_sell 100 food |
| 48:51 | liss13 · first_building Castle |
| 49:21 | Juminican · first_building Barracks |
[ AI ANALYSIS · 1 CREDIT ]
What really happened in this match?
Wolo.gg analyzes every decision: build order, eco, micro, common mistakes by bracket. Personalized analysis on WhatsApp or Discord in 30 seconds.
Civ guide
Huns
Perfil
Jugador #23835897